 Dungeon Crawl Stone Soup version 0.18.1-8-gdd0e5ea (webtiles) character file.

146 Denchik the Chiller (level 4, 0/33 HPs)
             Began as a Demigod Ice Elementalist on May 29, 2016.
             Killed from afar by Robin (12 damage)
             ... with a wand of flame
             ... on level 2 of the Dungeon.
             The game lasted 00:07:28 (2631 turns).

Denchik the Chiller (Demigod Ice Elementalist)      Turns: 2631, Time: 00:07:28

Health: 0/33       AC:  3    Str: 11    XL:     4   Next: 79%
Magic:  6/10       EV: 13    Int: 21    God:
Gold:   125        SH:  0    Dex: 16    Spells: 2 memorised, 4 levels left

rFire  . . .     SeeInvis .     (no weapon)
rCold  . . .     Gourm    .     a - +0 robe
rNeg   . . .     Faith    .     (no shield)
rPois  .         Spirit   .     (no helmet)
rElec  .         Dismiss  .     o - +0 cloak
rCorr  .         Reflect  .     (no gloves)
SustAt +         Harm     .     (no boots)
MR     .....                    (no amulet)
Stlth  ++........               (no ring)
                                (no ring)

@: not resistant to hostile enchantments, unstealthy
A: high mp 1, sustain attributes
a: no special abilities


You were on level 2 of the Dungeon.
You were not hungry.

You visited 1 branch of the dungeon, and saw 2 of its levels.

You collected 125 gold pieces.

Inventory:

Armour
 a - a +0 robe (worn)
 l - a +2 pair of gloves of dexterity
 o - a +0 cloak (worn)
Jewellery
 m - a +3 ring of strength {unknown}
Scrolls
 d - a scroll of blinking {unknown}
 e - a scroll of remove curse {unknown}
 g - a scroll of recharging {unknown}
 i - a scroll of immolation {unknown}
Potions
 f - 2 potions of mutation {unknown}
 j - a potion of degeneration {unknown}
 n - a potion of haste
Books
 b - a book of Frost

   Spells                             Type                      Level
   a - Freeze                         Ice                          1
   b - Throw Frost                    Conjuration/Ice              2
   c - Ozocubu's Armour               Charms/Ice                   3
   d - Throw Icicle                   Conjuration/Ice              4
   e - Summon Ice Beast               Ice/Summoning                4
Comestibles
 c - 2 bread rations
 h - 4 fruits
 k - a royal jelly
 p - 5 chunks of flesh


   Skills:
 + Level 2.4 Dodging
 - Level 1.7 Stealth
 + Level 2.6 Spellcasting
   Level 0.8 Conjurations
 * Level 4.4 Ice Magic


You had 4 spell levels left.
You knew the following spells:

 Your Spells              Type           Power        Failure   Level  Hunger
a - Freeze                Ice            ###.         1%          1    None
b - Ozocubu's Armour      Chrm/Ice       ##......     21%         3    ###....


Dungeon Overview and Level Annotations

Branches:
Dungeon (2/15)

Annotations:
D:2 Robin


Innate Abilities, Weirdness & Mutations

You have an increased reservoir of magic (+10% MP).
Your attributes are resistant to harm.


Message History

There isn't anything to butcher here.
There isn't anything to butcher here.
There isn't anything to butcher here.
Robin zaps a wand.
The puff of flame hits you!
Things that are here:
a club x2
Things that are here:
a dagger; 2 chunks of flesh
Things that are here:
an uncursed hunting sling; 11 stones Robin zaps a wand.
The puff of flame hits you!
Casting: Freeze
Confirm with . or Enter, or press ? or * to list all spells.
Aiming: Freeze
Press: ? - help, Shift-Dir - straight line, f - Robin
Aim: Robin, wielding a club, wearing an animal skin, wearing a helmet and carrying a wand of flame {zapped: 3} You freeze Robin.
Robin is heavily wounded.
Robin zaps a wand.
The puff of flame hits you!
You die...

######## ##≈≈.
#......# #≈≈≈
+......# ##≈≈
#......#
#≈≈#########..##''#
##≈≈#..........#...#
#...'......g...#...#
#...'.....)@...#gg.#
#(((')....)....#..g#
#.≈≈#....().)..#ggg#
#.≈≈#########..#Sgg#
##.#≈≈≈..#...#).#
#..#≈≈≈..'...'..#
#.###≈≈..#...####
#####.###≈≈..#####.
.......##≈≈........


You could see Robin.

Vanquished Creatures
  Crazy Yiuf (D:2)
  A gnoll (D:1)
  4 adders
  An ooze (D:1)
  A worm (D:2)
  A dart slug (D:2)
  2 giant geckos (D:1)
  5 bats
  3 giant cockroaches (D:1)
  14 goblins
  9 hobgoblins
  3 jackals (D:2)
  8 kobolds
  6 giant newts
  3 rats (D:1)
62 creatures vanquished.

Notes
Turn   | Place    | Note
--------------------------------------------------------------
     0 | D:1      | Denchik the Demigod Ice Elementalist began the quest for the Orb.
     0 | D:1      | Reached XP level 1. HP: 14/14 MP: 5/5
   117 | D:1      | Reached skill level 3 in Ice Magic
   184 | D:1      | Reached XP level 2. HP: 19/20 MP: 4/7
   825 | D:1      | Reached XP level 3. HP: 26/26 MP: 3/8
  1744 | D:2      | Found an opulent altar of Gozag.
  1782 | D:2      | Learned a level 3 spell: Ozocubu's Armour
  1840 | D:2      | Reached XP level 4. HP: 27/33 MP: 5/10
  1995 | D:2      | Found a shadowy altar of Dithmenos.
  2161 | D:2      | Reached skill level 4 in Ice Magic
  2293 | D:2      | Noticed Crazy Yiuf
  2300 | D:2      | Killed Crazy Yiuf
  2556 | D:2      | Noticed Robin
  2631 | D:2      | Killed from afar by Robin

Skill      XL: |  1  2  3  4 |
---------------+-------------+-----
Ice Magic      | 3 4 |  4.4
Spellcasting   | 2 |  2.6
Dodging        | 2 |  2.4
Stealth        | |  1.7
Conjurations   | |  0.8

Action                   |  1- 3 |  4- 6 || total
-------------------------+-------+-------++-------
Melee: Unarmed           |     9 |       ||     9
 Cast: Freeze            |    75 |    33 ||   108
       Ozocubu's Armour  |       |     2 ||     2
 Stab: Sleeping          |     1 |       ||     1
  Eat: Chunk             |     3 |     3 ||     6
Armor: Robe              |    13 |     1 ||    14
Dodge: Dodged            |    44 |     8 ||    52
